 Dungeon Crawl Stone Soup version 0.30.1-11-g7821555f0a (webtiles) character file.

Game seed: 8817181638493289371

322 bnorton916 the Magician (level 6, -4/32 HPs)
             Began as a Deep Elf Fire Elementalist on Nov 28, 2023.
             Killed from afar by a white imp (7 damage)
             ... with a puff of frost
             ... on level 5 of the Dungeon.
             The game lasted 00:05:03 (3358 turns).

bnorton916 the Magician (DEFE)                      Turns: 3358, Time: 00:05:04

Health: -4/32      AC:  2    Str:  5    XL:     6   Next: 22%
Magic:  6/16       EV:  2    Int: 22    God:
Gold:   153        SH:  0    Dex: 15    Spells: 10/16 levels left

rFire   . . .        (no weapon)
rCold   . . .        (no shield)
rNeg    . . .        a - +0 robe
rPois   .            (no helmet)
rElec   .            (no cloak)
rCorr   .            (no gloves)
SInv    .            (no boots)
Will    .....        (no amulet)
Stlth   ++           (no ring)
HPRegen 0.25/turn    (no ring)
MPRegen 0.15/turn

%: no passive effects
@: sleeping
A: no striking features
a: no special abilities


You were on level 5 of the Dungeon.
You visited 1 branch of the dungeon, and saw 5 of its levels.

You collected 153 gold pieces.

Inventory:

Hand Weapons
 f - a +0 short sword of electrocution
Armour
 a - a +0 robe (worn)
Jewellery
 k - a ring of flight
Wands
 n - a wand of paralysis (14)
Scrolls
 c - 2 scrolls of teleportation
 l - a scroll of silence
 o - a scroll of poison
Potions
 b - a potion of magic
 e - a potion of might
 g - a potion of mutation {unknown}
 h - a potion of heal wounds {unknown}
 i - a potion of curing {unknown}
 j - a potion of degeneration {unknown}
 m - a potion of brilliance {unknown}
 p - a potion of flight {unknown}


   Skills:
 - Level 2.4 Dodging
 - Level 2.4 Stealth
 + Level 5.5 Spellcasting
 + Level 3.9 Conjurations
 + Level 1.1 Summonings
 + Level 5.1 Fire Magic


You had 10 spell levels left.
You knew the following spells:

 Your Spells              Type           Power      Damage    Failure   Level
a - Foxfire               Conj/Fire      100%       2x1d9     1%          1
b - Scorch                Fire           56%        2d7       1%          2
c - Call Canine Familiar  Summ           11%        N/A       19%         3

Your spell library contained the following spells:

 Spells                   Type           Power      Damage    Failure   Level
 Shock                    Conj/Air       56%        1d6       4%          1
 Inner Flame              Hex/Fire       17%        N/A       10%         3
 Volatile Blastmotes      Fire/Tloc      34%        2d12      10%         3
 Flame Wave               Conj/Fire      26%        2d8       14%         4
 Gell's Gravitas          Tloc           6%         N/A       28%         3
 Portal Projectile        Hex/Tloc       12%        N/A       28%         3
 Swiftness                Air            6%         N/A       28%         3
 Teleport Other           Tloc           6%         N/A       28%         3
 Airstrike                Air            3%         2d(1-17)  67%         4
 Leda's Liquefaction      Hex/Erth       3%         N/A       67%         4
 Dispersal                Tloc           3%         N/A       100%        6


Dungeon Overview and Level Annotations

Branches:
Dungeon (5/15)
 Temple: D:4-7

Altars:
Ashenzari
Dithmenos
Fedhas
Xom
Yredelemnul

Shops:
D:2 *

Annotations:
D:3 Grinder
D:4 Blork the orc


Message History

You kill the adder!
You feel sick.
You feel sick.
A white imp comes into view.
Unknown command.
Casting: Scorch (safe; 1% risk of failure)
Confirm with . or Enter, or press ? or * to list all spells.
Flames lash the white imp.
The white imp is burned terribly!
The white imp is moderately wounded.
The white imp's fire resistance burns away.
You feel sick. The white imp gestures at you. The puff of frost hits you!
You feel sick.
Casting: Scorch (safe; 1% risk of failure)
Confirm with . or Enter, or press ? or * to list all spells.
Flames lash the white imp.
The white imp is burned terribly!
The white imp is almost dead.
You feel sick.
You are no longer poisoned.
A sleepcap comes into view.
The white imp gestures at you. The puff of frost misses you.
The white imp gestures at you. The puff of frost hits you!
* * * LOW HITPOINT WARNING * * *
Casting: Scorch (safe; 1% risk of failure)
Confirm with . or Enter, or press ? or * to list all spells.
You conjure some foxfire!
The white imp closely misses you. The sleepcap releases spores at you.
* * * LOW HITPOINT WARNING * * *
You are engulfed in a cloud of soporific spores!
You fall asleep.
The foxfire hits the sleepcap.
The sleepcap is lightly damaged.
The foxfire hits the sleepcap.
The sleepcap is moderately damaged.
The white imp gestures at you. The puff of frost hits you!
You die...

## ##.#
. ...
#.#..
#.#..
...##
#f5##
##.@.#
#.ยง.#.#
##.## #
+.<#
##.# #.#
#.# #.#
..#


You could see a sleepcap and a white imp (combustible).

Vanquished Creatures
  Sigmund (D:4)
  A hound (D:4)
  An iguana (D:4)
  4 adders
  An ufetubus (D:4)
  A worm (D:3)
  6 orcs (D:4)
  5 endoplasms
  2 giant cockroaches
  5 goblins
  7 hobgoblins
  4 jackals (D:2)
  3 kobolds
  3 quokkas
  6 ball pythons
  A bat (D:1)
  3 frilled lizards (D:2)
  3 rats
57 creatures vanquished.

Vanquished Creatures (others)
  169 foxfires
169 creatures vanquished.

Grand Total: 226 creatures vanquished

Notes
Turn   | Place    | Note
-------+----------+-------------------------------------------
     0 | D:1      | bnorton916 the Deep Elf Fire Elementalist began the quest
                  | for the Orb.
     0 | D:1      | Reached XP level 1. HP: 10/10 MP: 6/6
   298 | D:1      | You fall into a shaft and drop 1 floor!
   321 | D:2      | Reached XP level 2. HP: 15/15 MP: 5/8
   614 | D:2      | Reached XP level 3. HP: 19/19 MP: 7/10
   627 | D:2      | Learned a level 2 spell: Scorch
   888 | D:2      | Found Foosch's Assorted Antiques.
  1343 | D:3      | Noticed Grinder
  1960 | D:4      | Reached XP level 4. HP: 24/24 MP: 8/12
  2220 | D:4      | Noticed Blork the orc
  2233 | D:4      | Noticed Sigmund
  2241 | D:4      | Killed Sigmund
  2242 | D:4      | Reached skill level 5 in Spellcasting
  2242 | D:4      | Reached XP level 5. HP: 22/28 MP: 7/14
  2398 | D:4      | Learned a level 3 spell: Call Canine Familiar
  2421 | D:4      | Reached skill level 5 in Fire Magic
  2599 | D:4      | Reached XP level 6. HP: 32/32 MP: 14/16
  2857 | D:4      | Reached skill level 1 in Summonings
  3041 | D:4      | Found a broken altar of Ashenzari.
  3046 | D:4      | Found a blossoming altar of Fedhas.
  3046 | D:4      | Found a basalt altar of Yredelemnul.
  3053 | D:4      | Found a shimmering altar of Xom.
  3053 | D:4      | Found a shadowy altar of Dithmenos.
  3338 | D:5      | Entered Level 5 of the Dungeon
  3358 | D:5      | Killed from afar by a white imp

Illustrated notes

Levels and vault maps discovered:
D:1:      dpeg_arrival_court, layout_basic
D:2:      layout_basic, serial_shops, shop
D:3:      layout_loops_ring, mainiacjoe_overflow_swirl, uniq_grinder
D:4:      layout_basic, minmay_overflow_temple_star_hex, uniq_blork_the_orc,
          uniq_sigmund
D:5:      layout_loops_ring, minmay_temple_entry_glassed_door,
          portal_sewer_entry_c, uniq_duvessa

Skill      XL: |  1  2  3  4  5  6 |
---------------+-------------------+-----
Conjurations   | 2 3 |  3.9
Fire Magic     | 4 5 |  5.1
Spellcasting   | 4 5 |  5.5
Summonings     | 1 |  1.1
Dodging        | |  2.4
Stealth        | |  2.4

Action                     |  1- 3 |  4- 6 || total
---------------------------+-------+-------++-------
   Cast: Foxfire           |    80 |    22 ||   102
         Scorch            |     9 |    15 ||    24
    Use: Scroll            |       |     4 ||     4
 Armour: Robe              |     1 |     1 ||     2
  Dodge: Dodged            |     6 |    12 ||    18
